Stars vs Blackhawks
Created - March 17, 2020 at 19:28
Goals
|
| Stars |
1 |
1 |
1 |
3 |
| Blackhawks |
1 |
1 |
2 |
4 |
|
Shots
|
| Stars |
15 |
9 |
12 |
36 |
| Blackhawks |
15 |
10 |
15 |
40 |
|
1st period
1. Blackhawks , Cody Hodgson 12 (Matthew Spiller 9) at 11:14
2. Stars , B.J. Crombeen 5 (Andrej Sustr 8) at 15:26
Penalties :
John Tavares (Dal) for Hooking (Minor) at 0:29
2nd period
3. Blackhawks , Erik Christensen 9 (John Carlson 41) at 2:18
4. Stars , Jussi Jokinen 24 (Alexander Frolov 6, Boris Valabik 13) at 16:15
Penalties :
Alexander Frolov (Dal) for Roughing (Double Minor) at 3:49, Johnny Oduya (Dal) for Charging (Minor) at 15:14, Rick Nash (Chi) for Tripping (Minor) at 15:18
3rd period
5. Blackhawks , Antoine Roussel 27 (Derick Brassard 68, John Carlson 42) at 11:16 (PP)
6. Stars , Cam Atkinson 6 (Dana Tyrell 3, Ted Purcell 11) at 13:58
7. Blackhawks , Derick Brassard 35 (Antoine Roussel 21, Rick Nash 26) at 19:15
Penalties :
Antoine Roussel (Chi) for Roughing (Double Minor) at 0:55, Michael Grabner (Dal) for Interference (Minor) at 11:06, Antoine Roussel (Chi) for Cross-checking (Minor) at 11:32
Goalie Stats
Cory Schneider (Dal), 36 saves from 40 shots - (0.900), L, 31-15-2, 60:00 minutes
Jimmy Howard (Chi), 33 saves from 36 shots - (0.917), W, 27-20-4, 60:00 minutes
Players Stats for Stars
Player Name G A P +/- PIM S H SB GA TA FO MP PP MP PK MP
------------------------------------------------------------------------------------
Alex Chiasson 0 0 0 -1 0 0 1 0 1 0 0/0 15:46 2:18 0:00
Alexander Frolov 0 1 1 1 4 1 2 0 0 0 0/0 11:25 0:04 1:17
Andrej Sustr 0 1 1 1 0 1 0 0 0 0 0/0 12:58 0:43 0:32
B.J. Crombeen 1 0 1 0 0 3 0 0 0 0 0/1 10:18 0:36 0:00
Boris Valabik 0 1 1 1 0 2 0 1 0 0 0/0 19:07 1:46 3:00
Brian Lee 0 0 0 -1 0 5 1 0 0 3 0/0 28:36 3:37 2:40
Cam Atkinson 1 0 1 0 0 1 0 0 0 0 0/0 6:53 0:21 0:00
Cory Emmerton 0 0 0 -1 0 1 2 0 0 0 7/13 15:39 2:13 0:00
Dana Tyrell 0 1 1 0 0 0 0 0 0 0 0/4 8:14 0:10 1:11
Evgeny Grachev 0 0 0 0 0 2 0 0 0 1 1/8 12:47 0:00 1:57
Guillaume Latendresse 0 0 0 0 0 5 0 0 0 0 2/3 23:27 3:07 2:31
Ian White 0 0 0 -1 0 1 4 3 0 0 0/0 28:36 3:37 2:40
John Tavares 0 0 0 0 2 7 3 1 2 0 15/34 22:43 3:06 1:51
Johnny Oduya 0 0 0 0 2 1 0 1 0 1 0/0 18:35 1:46 2:56
Jussi Jokinen 1 0 1 0 0 1 0 0 1 0 1/2 18:53 2:22 2:41
Michael Grabner 0 0 0 0 2 5 3 0 0 0 2/2 17:25 3:07 0:00
Ted Purcell 0 1 1 0 0 0 0 0 0 0 0/1 8:06 0:38 0:56
Tyson Barrie 0 0 0 0 0 0 0 0 0 0 0/0 12:21 0:39 0:36
Players Stats for Blackhawks
Player Name G A P +/- PIM S H SB GA TA FO MP PP MP PK MP
------------------------------------------------------------------------------------
Antoine Roussel 1 1 2 0 6 4 4 2 1 1 0/3 22:37 3:23 0:00
Brandon Yip 0 0 0 1 0 0 2 0 0 0 0/0 12:53 0:53 2:47
Chris Kreider 0 0 0 -1 0 4 0 0 0 1 1/1 17:22 1:56 2:23
Cody Hodgson 1 0 1 0 0 4 1 0 1 0 10/19 14:52 1:56 0:19
David Jones 0 0 0 0 0 0 1 0 1 0 0/0 6:14 0:00 0:00
Derick Brassard 1 1 2 1 0 4 3 1 0 1 21/31 25:26 3:23 3:21
Erik Christensen 1 0 1 0 0 7 0 0 0 0 6/11 12:12 0:42 1:50
Gabriel Bourque 0 0 0 -1 0 0 4 0 0 0 0/0 8:16 0:26 1:09
John Carlson 0 2 2 0 0 2 3 1 0 1 0/0 30:40 2:51 3:34
Justin Falk 0 0 0 -1 0 2 0 1 0 0 0/0 19:06 2:37 2:02
Kevin Marshall 0 0 0 1 0 3 0 0 0 0 0/0 10:14 0:44 0:26
Matthew Spiller 0 1 1 -1 0 0 0 3 0 0 0/0 19:06 2:37 2:02
Mike Green 0 0 0 0 0 1 1 0 0 0 0/0 30:40 2:51 3:34
Nathan Horton 0 0 0 0 0 1 0 1 0 0 0/0 14:26 1:56 0:00
Rick Nash 0 1 1 1 2 3 1 0 2 0 0/1 20:42 3:22 0:00
Scott Gomez 0 0 0 0 0 2 2 0 0 0 2/2 6:14 0:00 0:00
Seth Jones 0 0 0 1 0 1 1 1 0 0 0/0 10:14 0:44 0:26
Tomas Fleischmann 0 0 0 0 0 2 0 0 0 0 0/0 10:46 0:38 0:15
3 Stars
1 - Derick Brassard (Chi)
2 - John Carlson (Chi)
3 - Cody Hodgson (Chi)
Power Play
Stars - 0 on 4 Attempt(s) - 0.00%
Blackhawks - 1 on 5 Attempt(s) - 20.00%
Penalty Kill
Stars - 4 on 5 Attempt(s) - 80.00%
- Score 0 goal in Penalty Kill
Blackhawks - 4 on 4 Attempt(s) - 100.00%
- Score 0 goal in Penalty Kill
Team Stat
Stars - Hits : 16 - Faceoff Wins : 28 - Blocked Shots : 6 - Penalty Minutes : 10
Blackhawks - Hits : 23 - Faceoff Wins : 40 - Blocked Shots : 10 - Penalty Minutes : 8
Official
Referees : Unknown
Linesman : Unknown
Game Notes
No Game Note
Finance
Level 1 -- Attendance: 5846 (97.43%) -- Ticket Income $567,062
Level 2 -- Attendance: 5000 (100.00%) -- Ticket Income $325,000
Level 3 -- Attendance: 1842 (92.10%) -- Ticket Income $73,680
Level 4 -- Attendance: 4000 (100.00%) -- Ticket Income $100,000
Luxury Box -- Attendance: 774 (77.40%) -- Ticket Income $145,512
Game was played at the Rexall Place.
Total Attendance: 17462 (97.01%)
Total Ticket Income: $1,211,254
Other Income: $181,688
Total Income: $1,392,942
Stars
5 vs 5 Forward
Center Left Wing Right Wing Time % Phy DF OF
1 John Tavares Guillaume Latendresse Michael Grabner 40 1 2 2
2 Cory Emmerton Jussi Jokinen Alex Chiasson 30 1 2 2
3 Evgeny Grachev Alexander Frolov B.J. Crombeen 20 1 2 2
4 Dana Tyrell Ted Purcell Cam Atkinson 10 1 2 2
5 vs 5 Defense
Defense Defense Time % Phy DF OF
1 Ian White Brian Lee 40 1 2 2
2 Boris Valabik Johnny Oduya 30 1 2 2
3 Andrej Sustr Tyson Barrie 20 1 2 2
4 Ian White Brian Lee 10 1 2 2
PowerPlay Forward
Center Left Wing Right Wing Time % Phy DF OF
1 John Tavares Guillaume Latendresse Michael Grabner 60 0 2 3
2 Cory Emmerton Jussi Jokinen Alex Chiasson 40 0 2 3
PowerPlay Defense
Defense Defense Time % Phy DF OF
1 Ian White Brian Lee 60 0 2 3
2 Boris Valabik Johnny Oduya 40 0 2 3
Penalty Kill 4 Players Forward
Center Wing Time % Phy DF OF
1 John Tavares Guillaume Latendresse 60 0 3 2
2 Jussi Jokinen Alexander Frolov 40 0 3 2
Penalty Kill 4 Players Defense
Defense Defense Time % Phy DF OF
1 Ian White Brian Lee 60 0 3 2
2 Boris Valabik Johnny Oduya 40 0 3 2
Penalty Kill - 3 Players Forward
Forward Time % Phy DF OF
1 John Tavares 60 0 3 2
2 Guillaume Latendresse 40 0 3 2
Penalty Kill - 3 Players Defense
Defense Defense Time % Phy DF OF
1 Ian White Brian Lee 60 0 3 2
2 Boris Valabik Johnny Oduya 40 0 3 2
4 vs 4 Forward
Center Wing Time % Phy DF OF
1 John Tavares Guillaume Latendresse 60 1 2 2
2 Jussi Jokinen Alexander Frolov 40 1 2 2
4 vs 4 Defense
Defense Defense Time % Phy DF OF
1 Ian White Brian Lee 60 1 2 2
2 Boris Valabik Johnny Oduya 40 1 2 2
Last Minutes Offensive
Center Left Wing Right Wing Defense Defense
John Tavares Guillaume Latendresse Michael Grabner Ian White Brian Lee
Last Minutes Defensive
Center Left Wing Right Wing Defense Defense
John Tavares Guillaume Latendresse Michael Grabner Ian White Brian Lee
Goaltenders
Starting : Cory Schneider
Backup : Brian Elliott
Extra Forwards
Normal : Ted Purcell, B.J. Crombeen, Evgeny Grachev - PP : Ted Purcell, B.J. Crombeen - PK : Evgeny Grachev
Extra Defensemen
Normal : Andrej Sustr, Tyson Barrie, Boris Valabik - PP : Andrej Sustr - PK : Tyson Barrie, Boris Valabik
Penalty Shots
John Tavares, Guillaume Latendresse, Jussi Jokinen, Alexander Frolov, Michael Grabner
Scratches
Antoine Vermette (Right Hand Injury), Niklas Hjalmarsson (Back Spasms Injury)
Blackhawks
5 vs 5 Forward
Center Left Wing Right Wing Time % Phy DF OF
1 Derick Brassard Antoine Roussel Rick Nash 40 1 2 2
2 Cody Hodgson Chris Kreider Nathan Horton 30 1 2 2
3 Erik Christensen Tomas Fleischmann Brandon Yip 20 1 2 2
4 Scott Gomez Gabriel Bourque David Jones 10 1 2 2
5 vs 5 Defense
Defense Defense Time % Phy DF OF
1 Mike Green John Carlson 40 1 2 2
2 Matthew Spiller Justin Falk 30 1 2 2
3 Seth Jones Kevin Marshall 20 1 2 2
4 Mike Green John Carlson 10 1 2 2
PowerPlay Forward
Center Left Wing Right Wing Time % Phy DF OF
1 Derick Brassard Antoine Roussel Rick Nash 60 1 2 2
2 Cody Hodgson Chris Kreider Nathan Horton 40 1 2 2
PowerPlay Defense
Defense Defense Time % Phy DF OF
1 Mike Green John Carlson 60 1 2 2
2 Matthew Spiller Justin Falk 40 1 2 2
Penalty Kill 4 Players Forward
Center Wing Time % Phy DF OF
1 Derick Brassard Antoine Roussel 60 1 2 2
2 Chris Kreider Rick Nash 40 1 2 2
Penalty Kill 4 Players Defense
Defense Defense Time % Phy DF OF
1 Mike Green John Carlson 60 1 2 2
2 Matthew Spiller Justin Falk 40 1 2 2
Penalty Kill - 3 Players Forward
Forward Time % Phy DF OF
1 Derick Brassard 60 1 2 2
2 Antoine Roussel 40 1 2 2
Penalty Kill - 3 Players Defense
Defense Defense Time % Phy DF OF
1 Mike Green John Carlson 60 1 2 2
2 Matthew Spiller Justin Falk 40 1 2 2
4 vs 4 Forward
Center Wing Time % Phy DF OF
1 Derick Brassard Antoine Roussel 60 1 2 2
2 Chris Kreider Rick Nash 40 1 2 2
4 vs 4 Defense
Defense Defense Time % Phy DF OF
1 Mike Green John Carlson 60 1 2 2
2 Matthew Spiller Justin Falk 40 1 2 2
Last Minutes Offensive
Center Left Wing Right Wing Defense Defense
Derick Brassard Antoine Roussel Rick Nash Mike Green John Carlson
Last Minutes Defensive
Center Left Wing Right Wing Defense Defense
Derick Brassard Antoine Roussel Rick Nash Mike Green John Carlson
Goaltenders
Starting : Jimmy Howard
Backup : Ray Emery
Extra Forwards
Normal : Tomas Fleischmann, Erik Christensen, Brandon Yip - PP : Tomas Fleischmann, Erik Christensen - PK : Brandon Yip
Extra Defensemen
Normal : Seth Jones, Kevin Marshall, Matthew Spiller - PP : Seth Jones - PK : Kevin Marshall, Matthew Spiller
Penalty Shots
Derick Brassard, Antoine Roussel, Chris Kreider, Rick Nash, Cody Hodgson
Scratches
None
% Time on Ice - Stars
Lines # - Real PCT - Wanted PCT - Time Play
Normal Forward
1 - 35% - 40% - 15:35
2 - 30% - 30% - 13:32
3 - 21% - 20% - 9:32
4 - 14% - 10% - 6:28
Normal Defense
1 - 41% - 40% - 18:34
2 - 31% - 30% - 13:54
3 - 24% - 20% - 11:02
4 - 4% - 10% - 1:37
PP Forward
1 - 61% - 60% - 3:40
2 - 39% - 40% - 2:22
PP Defense
1 - 71% - 60% - 4:16
2 - 29% - 40% - 1:46
PK Forward
1 - 73% - 60% - 4:33
2 - 27% - 40% - 1:39
PK Defense
1 - 52% - 60% - 3:12
2 - 48% - 40% - 3:00
PK3 Forward
1 - 0% - 60%
2 - 0% - 40%
PK3 Defense
1 - 0% - 60%
2 - 0% - 40%
44 Forward
1 - 82% - 60% - 1:34
2 - 18% - 40% - 0:21
44 Defense
1 - 77% - 60% - 1:28
2 - 23% - 40% - 0:27
Last Minute Offensive - 0:44
Last Minute Defensive - 0:00
Total
Forward - 60:00
Defense - 60:00
|
% Time on Ice - Blackhawks
Lines # - Real PCT - Wanted PCT - Time Play
Normal Forward
1 - 38% - 40% - 17:01
2 - 28% - 30% - 12:40
3 - 20% - 20% - 9:12
4 - 14% - 10% - 6:14
Normal Defense
1 - 43% - 40% - 19:30
2 - 30% - 30% - 13:37
3 - 19% - 20% - 8:45
4 - 7% - 10% - 3:15
PP Forward
1 - 62% - 60% - 3:51
2 - 38% - 40% - 2:21
PP Defense
1 - 58% - 60% - 3:35
2 - 42% - 40% - 2:37
PK Forward
1 - 99% - 60% - 5:58
2 - 1% - 40% - 0:04
PK Defense
1 - 66% - 60% - 4:00
2 - 34% - 40% - 2:02
PK3 Forward
1 - 0% - 60%
2 - 0% - 40%
PK3 Defense
1 - 0% - 60%
2 - 0% - 40%
44 Forward
1 - 80% - 60% - 1:32
2 - 20% - 40% - 0:23
44 Defense
1 - 57% - 60% - 1:05
2 - 43% - 40% - 0:50
Last Minute Offensive - 0:00
Last Minute Defensive - 0:44
Total
Forward - 60:00
Defense - 60:00
|
Play-by-Play
1st period
0:01 of 1st period - Derick Brassard wins face-off versus John Tavares in neutral zone.
0:29 of 1st period - Minor Penalty to John Tavares for Hooking.
0:30 of 1st period - Derick Brassard wins face-off versus Evgeny Grachev in Stars zone.
1:02 of 1st period - Off-side.
1:03 of 1st period - Cody Hodgson wins face-off versus Jussi Jokinen in neutral zone.
1:06 of 1st period - Wrist shot by Cody Hodgson.
1:06 of 1st period - Stopped by Cory Schneider with a rebound.
1:08 of 1st period - Wrist shot by Cody Hodgson.
1:08 of 1st period - Stopped by Cory Schneider with a rebound.
1:10 of 1st period - Slapshot by Justin Falk.
1:10 of 1st period - Shot Misses the Net.
1:14 of 1st period - Slapshot by Cody Hodgson.
1:14 of 1st period - Shot Misses the Net.
1:16 of 1st period - Slapshot by Justin Falk.
1:16 of 1st period - Stopped by Cory Schneider without a rebound.
1:17 of 1st period - Derick Brassard wins face-off versus Evgeny Grachev in Stars zone.
2:07 of 1st period - Backhand shot by Rick Nash.
2:07 of 1st period - Shot Misses the Net.
2:29 of 1st period - Penalty to John Tavares is over, John Tavares is back on ice.
2:37 of 1st period - Guillaume Latendresse is hit by Rick Nash and loses puck.
2:42 of 1st period - Wrist shot by Derick Brassard.
2:42 of 1st period - Shot Misses the Net.
2:44 of 1st period - Slapshot by Kevin Marshall.
2:44 of 1st period - Stopped by Cory Schneider with a rebound.
2:46 of 1st period - Wrist shot by Kevin Marshall.
2:46 of 1st period - Stopped by Cory Schneider with a rebound.
2:48 of 1st period - Snap shot by Rick Nash.
2:48 of 1st period - Stopped by Cory Schneider with a rebound.
3:59 of 1st period - Kevin Marshall is hit by John Tavares and loses puck.
4:06 of 1st period - Snap shot by John Tavares.
4:06 of 1st period - Shot Misses the Net.
4:08 of 1st period - Slapshot by Boris Valabik.
4:08 of 1st period - Shot Blocked by Antoine Roussel.
4:22 of 1st period - Wrist shot by Derick Brassard.
4:22 of 1st period - Deflect By Rick Nash.
4:22 of 1st period - Shot Misses the Net.
4:22 of 1st period - Puck is out of play.
4:23 of 1st period - Cory Emmerton wins face-off versus Cody Hodgson in Stars zone.
4:40 of 1st period - Snap shot by Jussi Jokinen.
4:40 of 1st period - Deflect By Mike Green.
4:40 of 1st period - Shot Misses the Net.
4:40 of 1st period - Puck is out of play.
4:41 of 1st period - Erik Christensen wins face-off versus Dana Tyrell in Blackhawks zone.
6:13 of 1st period - Slapshot by John Carlson.
6:13 of 1st period - Deflect By Scott Gomez.
6:13 of 1st period - Stopped by Cory Schneider without a rebound.
6:14 of 1st period - Scott Gomez wins face-off versus Dana Tyrell in Stars zone.
7:00 of 1st period - Justin Falk is hit by Michael Grabner.
7:12 of 1st period - Wrist shot by Tomas Fleischmann.
7:12 of 1st period - Stopped by Cory Schneider without a rebound.
7:13 of 1st period - Erik Christensen wins face-off versus Ted Purcell in Stars zone.
7:22 of 1st period - Wrist shot by Ted Purcell.
7:22 of 1st period - Shot Misses the Net.
7:32 of 1st period - Ian White is hit by David Jones and loses puck.
8:21 of 1st period - Wrist shot by Erik Christensen.
8:21 of 1st period - Stopped by Cory Schneider without a rebound.
8:22 of 1st period - Cory Emmerton wins face-off versus Erik Christensen in Stars zone.
8:49 of 1st period - Alexander Frolov is hit by Scott Gomez and loses puck.
8:58 of 1st period - Snap shot by Gabriel Bourque.
8:58 of 1st period - Shot Misses the Net.
9:38 of 1st period - Wrist shot by Guillaume Latendresse.
9:38 of 1st period - Shot Blocked by Seth Jones.
9:41 of 1st period - Icing by Kevin Marshall.
9:42 of 1st period - Cory Emmerton wins face-off versus Antoine Roussel in Blackhawks zone.
10:23 of 1st period - Snap shot by Cody Hodgson.
10:23 of 1st period - Stopped by Cory Schneider without a rebound.
10:24 of 1st period - John Tavares wins face-off versus Erik Christensen in Stars zone.
11:14 of 1st period - Wrist shot by Cody Hodgson.
11:14 of 1st period - Goal by Cody Hodgson - Stars : 0 - Blackhawks : 1.
11:15 of 1st period - John Tavares wins face-off versus Derick Brassard in neutral zone.
11:18 of 1st period - Snap shot by Michael Grabner.
11:18 of 1st period - Stopped by Jimmy Howard with a rebound.
11:20 of 1st period - Snap shot by John Tavares.
11:20 of 1st period - Shot Blocked by Derick Brassard.
11:22 of 1st period - Wrist shot by John Tavares.
11:22 of 1st period - Stopped by Jimmy Howard with a rebound.
11:24 of 1st period - Snap shot by Guillaume Latendresse.
11:24 of 1st period - Shot Misses the Net.
11:26 of 1st period - Wrist shot by John Tavares.
11:26 of 1st period - Stopped by Jimmy Howard with a rebound.
11:28 of 1st period - Snap shot by John Tavares.
11:28 of 1st period - Stopped by Jimmy Howard with a rebound.
11:30 of 1st period - Slapshot by Ian White.
11:30 of 1st period - Shot Misses the Net.
11:53 of 1st period - Slapshot by Boris Valabik.
11:53 of 1st period - Shot Misses the Net.
12:14 of 1st period - Wrist shot by B.J. Crombeen.
12:14 of 1st period - Shot Misses the Net.
12:18 of 1st period - Snap shot by B.J. Crombeen.
12:18 of 1st period - Shot Blocked by Matthew Spiller.
12:22 of 1st period - Snap shot by Evgeny Grachev.
12:22 of 1st period - Shot Blocked by Matthew Spiller.
12:24 of 1st period - Snap shot by B.J. Crombeen.
12:24 of 1st period - Shot Misses the Net.
12:26 of 1st period - Wrist shot by B.J. Crombeen.
12:26 of 1st period - Stopped by Jimmy Howard without a rebound.
12:27 of 1st period - John Tavares wins face-off versus Rick Nash in Blackhawks zone.
12:32 of 1st period - Snap shot by Guillaume Latendresse.
12:32 of 1st period - Shot Misses the Net.
12:34 of 1st period - Slapshot by Guillaume Latendresse.
12:34 of 1st period - Stopped by Jimmy Howard with a rebound.
12:36 of 1st period - Wrist shot by Guillaume Latendresse.
12:36 of 1st period - Stopped by Jimmy Howard without a rebound.
12:37 of 1st period - Derick Brassard wins face-off versus John Tavares in Blackhawks zone.
12:37 of 1st period - Derick Brassard is hit by Ian White.
12:49 of 1st period - Wrist shot by Rick Nash.
12:49 of 1st period - Stopped by Cory Schneider with a rebound.
12:55 of 1st period - Snap shot by John Tavares.
12:55 of 1st period - Shot Blocked by Justin Falk.
13:09 of 1st period - Snap shot by Derick Brassard.
13:09 of 1st period - Shot Misses the Net.
13:27 of 1st period - Snap shot by Guillaume Latendresse.
13:27 of 1st period - Deflect By Michael Grabner.
13:27 of 1st period - Stopped by Jimmy Howard with a rebound.
13:31 of 1st period - Snap shot by John Tavares.
13:31 of 1st period - Shot Misses the Net.
13:33 of 1st period - Slapshot by Ian White.
13:33 of 1st period - Deflect By Derick Brassard.
13:33 of 1st period - Stopped by Jimmy Howard without a rebound.
13:34 of 1st period - Chris Kreider wins face-off versus Cory Emmerton in Blackhawks zone.
13:45 of 1st period - Snap shot by Johnny Oduya.
13:45 of 1st period - Stopped by Jimmy Howard without a rebound.
13:46 of 1st period - Cody Hodgson wins face-off versus Cory Emmerton in Blackhawks zone.
13:51 of 1st period - Slapshot by John Carlson.
13:51 of 1st period - Deflect By Cody Hodgson.
13:51 of 1st period - Shot Misses the Net.
13:51 of 1st period - Puck is out of play.
13:52 of 1st period - Jussi Jokinen wins face-off versus Cody Hodgson in Stars zone.
14:05 of 1st period - Snap shot by John Carlson.
14:05 of 1st period - Stopped by Cory Schneider with a rebound.
14:25 of 1st period - Snap shot by Alexander Frolov.
14:25 of 1st period - Stopped by Jimmy Howard with a rebound.
14:27 of 1st period - Slapshot by B.J. Crombeen.
14:27 of 1st period - Stopped by Jimmy Howard with a rebound.
14:29 of 1st period - Slapshot by Alexander Frolov.
14:29 of 1st period - Shot Blocked by John Carlson.
14:41 of 1st period - Snap shot by Erik Christensen.
14:41 of 1st period - Stopped by Cory Schneider without a rebound.
14:42 of 1st period - John Tavares wins face-off versus Erik Christensen in Stars zone.
15:06 of 1st period - Off-side.
15:07 of 1st period - Cody Hodgson wins face-off versus B.J. Crombeen in neutral zone.
15:09 of 1st period - Off-side.
15:10 of 1st period - Cody Hodgson wins face-off versus Evgeny Grachev in neutral zone.
15:26 of 1st period - Slapshot by B.J. Crombeen.
15:26 of 1st period - Goal by B.J. Crombeen - Stars : 1 - Blackhawks : 1.
15:27 of 1st period - Derick Brassard wins face-off versus Cory Emmerton in neutral zone.
15:30 of 1st period - Alex Chiasson is hit by John Carlson and loses puck.
15:53 of 1st period - John Carlson is hit by Ian White and loses puck.
16:02 of 1st period - Slapshot by Guillaume Latendresse.
16:02 of 1st period - Stopped by Jimmy Howard with a rebound.
16:44 of 1st period - Slapshot by John Carlson.
16:44 of 1st period - Shot Blocked by Boris Valabik.
16:46 of 1st period - Slapshot by Mike Green.
16:46 of 1st period - Stopped by Cory Schneider without a rebound.
16:47 of 1st period - Derick Brassard wins face-off versus Cory Emmerton in Stars zone.
16:54 of 1st period - Wrist shot by Cory Emmerton.
16:54 of 1st period - Stopped by Jimmy Howard without a rebound.
16:55 of 1st period - Derick Brassard wins face-off versus Cory Emmerton in Blackhawks zone.
17:19 of 1st period - Jussi Jokinen is hit by Antoine Roussel and loses puck.
18:01 of 1st period - Slapshot by Mike Green.
18:01 of 1st period - Shot Misses the Net.
18:09 of 1st period - Tyson Barrie is hit by Antoine Roussel and loses puck.
19:22 of 1st period - Jussi Jokinen is hit by Antoine Roussel and loses puck.
19:35 of 1st period - Mike Green is hit by Cory Emmerton and loses puck.
19:46 of 1st period - John Carlson is hit by Cory Emmerton and loses puck.
Goals for this period are 1 for Stars vs 1 for Blackhawks.
Shots for this period are 15 for Stars vs 15 for Blackhawks.
2nd period
0:01 of 2nd period - John Tavares wins face-off versus Cody Hodgson in neutral zone.
1:02 of 2nd period - Backhand shot by John Carlson.
1:02 of 2nd period - Shot Misses the Net.
1:06 of 2nd period - Snap shot by Tomas Fleischmann.
1:06 of 2nd period - Stopped by Cory Schneider with a rebound.
1:10 of 2nd period - Snap shot by Erik Christensen.
1:10 of 2nd period - Stopped by Cory Schneider with a rebound.
1:12 of 2nd period - Slapshot by John Carlson.
1:12 of 2nd period - Shot Misses the Net.
1:26 of 2nd period - Slapshot by Erik Christensen.
1:26 of 2nd period - Stopped by Cory Schneider with a rebound.
1:28 of 2nd period - Slapshot by Mike Green.
1:28 of 2nd period - Shot Misses the Net.
1:42 of 2nd period - Snap shot by Tomas Fleischmann.
1:42 of 2nd period - Shot Misses the Net.
1:44 of 2nd period - Slapshot by Mike Green.
1:44 of 2nd period - Shot Misses the Net.
2:18 of 2nd period - Backhand shot by Erik Christensen.
2:18 of 2nd period - Goal by Erik Christensen - Stars : 1 - Blackhawks : 2.
2:19 of 2nd period - Cody Hodgson wins face-off versus John Tavares in neutral zone.
2:50 of 2nd period - Slapshot by Brian Lee.
2:50 of 2nd period - Stopped by Jimmy Howard with a rebound.
3:12 of 2nd period - Wrist shot by Ted Purcell.
3:12 of 2nd period - Shot Blocked by Antoine Roussel.
3:49 of 2nd period - Double Minor Penalty to Alexander Frolov for Roughing.
3:50 of 2nd period - John Tavares wins face-off versus Derick Brassard in Stars zone.
4:17 of 2nd period - Brian Lee is hit by Mike Green and loses puck.
4:38 of 2nd period - Evgeny Grachev is hit by Derick Brassard and loses puck.
5:21 of 2nd period - Brian Lee is hit by Derick Brassard and loses puck.
6:12 of 2nd period - Boris Valabik is hit by Brandon Yip and loses puck.
6:53 of 2nd period - Ian White is hit by Gabriel Bourque and loses puck.
7:49 of 2nd period - Penalty to Alexander Frolov is over, Alexander Frolov is back on ice.
10:18 of 2nd period - John Tavares is hit by Scott Gomez and loses puck.
11:00 of 2nd period - Off-side.
11:01 of 2nd period - Cody Hodgson wins face-off versus Cory Emmerton in neutral zone.
11:45 of 2nd period - Gabriel Bourque is hit by Alexander Frolov and loses puck.
12:12 of 2nd period - Wrist shot by Nathan Horton.
12:12 of 2nd period - Shot Misses the Net.
12:14 of 2nd period - Snap shot by Mike Green.
12:14 of 2nd period - Shot Blocked by Johnny Oduya.
12:16 of 2nd period - Snap shot by Chris Kreider.
12:16 of 2nd period - Shot Misses the Net.
12:18 of 2nd period - Snap shot by Cody Hodgson.
12:18 of 2nd period - Shot Misses the Net.
12:20 of 2nd period - Slapshot by Chris Kreider.
12:20 of 2nd period - Shot Misses the Net.
12:22 of 2nd period - Snap shot by John Carlson.
12:22 of 2nd period - Stopped by Cory Schneider with a rebound.
12:42 of 2nd period - Slapshot by Michael Grabner.
12:42 of 2nd period - Stopped by Jimmy Howard without a rebound.
12:43 of 2nd period - Guillaume Latendresse wins face-off versus Cody Hodgson in Blackhawks zone.
12:52 of 2nd period - Wrist shot by Guillaume Latendresse.
12:52 of 2nd period - Stopped by Jimmy Howard without a rebound.
12:53 of 2nd period - John Tavares wins face-off versus Cody Hodgson in Blackhawks zone.
13:02 of 2nd period - Wrist shot by Michael Grabner.
13:02 of 2nd period - Shot Misses the Net.
13:04 of 2nd period - Snap shot by John Tavares.
13:04 of 2nd period - Shot Misses the Net.
13:06 of 2nd period - Snap shot by Brian Lee.
13:06 of 2nd period - Stopped by Jimmy Howard without a rebound.
13:07 of 2nd period - John Tavares wins face-off versus Derick Brassard in Blackhawks zone.
13:08 of 2nd period - Slapshot by Brian Lee.
13:08 of 2nd period - Deflect By Guillaume Latendresse.
13:08 of 2nd period - Shot Misses the Net.
13:08 of 2nd period - Puck is out of play.
13:09 of 2nd period - Derick Brassard wins face-off versus John Tavares in Blackhawks zone.
13:22 of 2nd period - Snap shot by Antoine Roussel.
13:22 of 2nd period - Shot Misses the Net.
13:24 of 2nd period - Slapshot by Matthew Spiller.
13:24 of 2nd period - Shot Hit the Post.
13:26 of 2nd period - Slapshot by Matthew Spiller.
13:26 of 2nd period - Shot Misses the Net.
14:06 of 2nd period - Wrist shot by Brandon Yip.
14:06 of 2nd period - Shot Misses the Net.
15:03 of 2nd period - Snap shot by Nathan Horton.
15:03 of 2nd period - Stopped by Cory Schneider with a rebound.
15:14 of 2nd period - Minor Penalty to Johnny Oduya for Charging.
15:15 of 2nd period - Derick Brassard wins face-off versus John Tavares in Stars zone.
15:18 of 2nd period - Minor Penalty to Rick Nash for Tripping.
15:19 of 2nd period - John Tavares wins face-off versus Antoine Roussel in Blackhawks zone.
16:01 of 2nd period - Slapshot by Andrej Sustr.
16:01 of 2nd period - Stopped by Jimmy Howard with a rebound.
16:03 of 2nd period - Snap shot by Boris Valabik.
16:03 of 2nd period - Stopped by Jimmy Howard with a rebound.
16:15 of 2nd period - Snap shot by Jussi Jokinen.
16:15 of 2nd period - Goal by Jussi Jokinen - Stars : 2 - Blackhawks : 2.
16:16 of 2nd period - Derick Brassard wins face-off versus John Tavares in neutral zone.
16:27 of 2nd period - Wrist shot by Antoine Roussel.
16:27 of 2nd period - Stopped by Cory Schneider without a rebound.
16:28 of 2nd period - John Tavares wins face-off versus Derick Brassard in Stars zone.
16:35 of 2nd period - Slapshot by John Carlson.
16:35 of 2nd period - Shot Blocked by Ian White.
16:43 of 2nd period - Derick Brassard is hit by Brian Lee and loses puck.
17:14 of 2nd period - Penalty to Johnny Oduya is over, Johnny Oduya is back on ice.
17:18 of 2nd period - Penalty to Rick Nash is over, Rick Nash is back on ice.
17:25 of 2nd period - Slapshot by Chris Kreider.
17:25 of 2nd period - Stopped by Cory Schneider with a rebound.
17:27 of 2nd period - Snap shot by Tomas Fleischmann.
17:27 of 2nd period - Deflect By Chris Kreider.
17:27 of 2nd period - Stopped by Cory Schneider without a rebound.
17:28 of 2nd period - Cody Hodgson wins face-off versus Dana Tyrell in Stars zone.
17:39 of 2nd period - Snap shot by Nathan Horton.
17:39 of 2nd period - Shot Misses the Net.
17:41 of 2nd period - Slapshot by Kevin Marshall.
17:41 of 2nd period - Deflect By Ted Purcell.
17:41 of 2nd period - Stopped by Cory Schneider without a rebound.
17:42 of 2nd period - John Tavares wins face-off versus Cody Hodgson in Stars zone.
19:14 of 2nd period - Johnny Oduya is hit by Seth Jones and loses puck.
19:37 of 2nd period - Snap shot by Evgeny Grachev.
19:37 of 2nd period - Stopped by Jimmy Howard without a rebound.
19:38 of 2nd period - Derick Brassard wins face-off versus Evgeny Grachev in Blackhawks zone.
19:48 of 2nd period - Snap shot by Alexander Frolov.
19:48 of 2nd period - Shot Misses the Net.
19:50 of 2nd period - Wrist shot by B.J. Crombeen.
19:50 of 2nd period - Shot Misses the Net.
19:52 of 2nd period - Wrist shot by Brian Lee.
19:52 of 2nd period - Shot Misses the Net.
19:54 of 2nd period - Wrist shot by Evgeny Grachev.
19:54 of 2nd period - Stopped by Jimmy Howard without a rebound.
19:55 of 2nd period - Cody Hodgson wins face-off versus John Tavares in Blackhawks zone.
Goals for this period are 1 for Stars vs 1 for Blackhawks.
Shots for this period are 9 for Stars vs 10 for Blackhawks.
3rd period
0:01 of 3rd period - Derick Brassard wins face-off versus John Tavares in neutral zone.
0:17 of 3rd period - Wrist shot by Michael Grabner.
0:17 of 3rd period - Stopped by Jimmy Howard without a rebound.
0:18 of 3rd period - Evgeny Grachev wins face-off versus Cody Hodgson in Blackhawks zone.
0:31 of 3rd period - Snap shot by Evgeny Grachev.
0:31 of 3rd period - Deflect By Alexander Frolov.
0:31 of 3rd period - Shot Blocked by Matthew Spiller.
0:31 of 3rd period - Puck is out of play.
0:32 of 3rd period - Michael Grabner wins face-off versus Antoine Roussel in Blackhawks zone.
0:55 of 3rd period - Double Minor Penalty to Antoine Roussel for Roughing.
0:56 of 3rd period - Derick Brassard wins face-off versus John Tavares in Blackhawks zone.
0:56 of 3rd period - Derick Brassard is hit by Michael Grabner.
1:06 of 3rd period - Slapshot by Brian Lee.
1:06 of 3rd period - Stopped by Jimmy Howard without a rebound.
1:07 of 3rd period - Derick Brassard wins face-off versus John Tavares in Blackhawks zone.
1:34 of 3rd period - Jussi Jokinen is hit by John Carlson and loses puck.
1:49 of 3rd period - Snap shot by Chris Kreider.
1:49 of 3rd period - Stopped by Cory Schneider without a rebound.
1:50 of 3rd period - John Tavares wins face-off versus Erik Christensen in Stars zone.
2:15 of 3rd period - Guillaume Latendresse is hit by John Carlson and loses puck.
2:38 of 3rd period - Derick Brassard is hit by Ian White and loses puck.
3:21 of 3rd period - Ian White is hit by Gabriel Bourque and loses puck.
4:14 of 3rd period - John Tavares is hit by Gabriel Bourque and loses puck.
4:55 of 3rd period - Penalty to Antoine Roussel is over, Antoine Roussel is back on ice.
6:05 of 3rd period - John Tavares is hit by Cody Hodgson and loses puck.
6:31 of 3rd period - Alex Chiasson is hit by Gabriel Bourque and loses puck.
6:54 of 3rd period - Rick Nash is hit by Alexander Frolov and loses puck.
7:37 of 3rd period - Wrist shot by Jussi Jokinen.
7:37 of 3rd period - Shot Misses the Net.
8:20 of 3rd period - Wrist shot by Erik Christensen.
8:20 of 3rd period - Stopped by Cory Schneider without a rebound.
8:21 of 3rd period - Guillaume Latendresse wins face-off versus Erik Christensen in Stars zone.
8:36 of 3rd period - Wrist shot by John Tavares.
8:36 of 3rd period - Stopped by Jimmy Howard with a rebound.
8:38 of 3rd period - Slapshot by Boris Valabik.
8:38 of 3rd period - Deflect By John Tavares.
8:38 of 3rd period - Shot Misses the Net.
8:38 of 3rd period - Puck is out of play.
8:39 of 3rd period - Cory Emmerton wins face-off versus Derick Brassard in Blackhawks zone.
8:52 of 3rd period - Slapshot by John Carlson.
8:52 of 3rd period - Deflect By Antoine Roussel.
8:52 of 3rd period - Stopped by Cory Schneider with a rebound.
8:54 of 3rd period - Wrist shot by John Carlson.
8:54 of 3rd period - Deflect By Derick Brassard.
8:54 of 3rd period - Shot Misses the Net.
8:54 of 3rd period - Puck is out of play.
8:55 of 3rd period - John Tavares wins face-off versus Cody Hodgson in Stars zone.
9:22 of 3rd period - John Carlson is hit by Ian White and loses puck.
9:43 of 3rd period - Wrist shot by Tomas Fleischmann.
9:43 of 3rd period - Shot Misses the Net.
9:45 of 3rd period - Snap shot by Erik Christensen.
9:45 of 3rd period - Stopped by Cory Schneider without a rebound.
9:46 of 3rd period - Erik Christensen wins face-off versus Evgeny Grachev in Stars zone.
10:08 of 3rd period - Icing by Matthew Spiller.
10:09 of 3rd period - Erik Christensen wins face-off versus John Tavares in Blackhawks zone.
10:09 of 3rd period - Erik Christensen is hit by John Tavares.
10:25 of 3rd period - Wrist shot by Derick Brassard.
10:25 of 3rd period - Stopped by Cory Schneider without a rebound.
10:26 of 3rd period - Cory Emmerton wins face-off versus Cody Hodgson in Stars zone.
10:42 of 3rd period - Off-side.
10:43 of 3rd period - Derick Brassard wins face-off versus John Tavares in neutral zone.
11:06 of 3rd period - Minor Penalty to Michael Grabner for Interference.
11:07 of 3rd period - John Tavares wins face-off versus Derick Brassard in Stars zone.
11:12 of 3rd period - Backhand shot by John Carlson.
11:12 of 3rd period - Shot Misses the Net.
11:14 of 3rd period - Snap shot by Derick Brassard.
11:14 of 3rd period - Stopped by Cory Schneider with a rebound.
11:16 of 3rd period - Snap shot by Antoine Roussel.
11:16 of 3rd period - Goal by Antoine Roussel - Stars : 2 - Blackhawks : 3.
11:17 of 3rd period - Michael Grabner wins face-off versus Derick Brassard in neutral zone.
11:24 of 3rd period - Snap shot by John Tavares.
11:24 of 3rd period - Stopped by Jimmy Howard with a rebound.
11:26 of 3rd period - Slapshot by Brian Lee.
11:26 of 3rd period - Stopped by Jimmy Howard with a rebound.
11:28 of 3rd period - Slapshot by Brian Lee.
11:28 of 3rd period - Stopped by Jimmy Howard without a rebound.
11:29 of 3rd period - Derick Brassard wins face-off versus John Tavares in Blackhawks zone.
11:29 of 3rd period - Derick Brassard is hit by Michael Grabner.
11:32 of 3rd period - Minor Penalty to Antoine Roussel for Cross-checking.
11:33 of 3rd period - John Tavares wins face-off versus Derick Brassard in Blackhawks zone.
11:39 of 3rd period - Wrist shot by John Tavares.
11:39 of 3rd period - Stopped by Jimmy Howard without a rebound.
11:40 of 3rd period - Derick Brassard wins face-off versus John Tavares in Blackhawks zone.
11:56 of 3rd period - Icing by Michael Grabner.
11:57 of 3rd period - Derick Brassard wins face-off versus John Tavares in Stars zone.
11:58 of 3rd period - Slapshot by John Carlson.
11:58 of 3rd period - Shot Blocked by Ian White.
12:12 of 3rd period - Slapshot by John Tavares.
12:12 of 3rd period - Deflect By Michael Grabner.
12:12 of 3rd period - Stopped by Jimmy Howard without a rebound.
12:13 of 3rd period - Cory Emmerton wins face-off versus Derick Brassard in Blackhawks zone.
13:32 of 3rd period - Penalty to Antoine Roussel is over, Antoine Roussel is back on ice.
13:58 of 3rd period - Slapshot by Cam Atkinson.
13:58 of 3rd period - Goal by Cam Atkinson - Stars : 3 - Blackhawks : 3.
13:59 of 3rd period - Cory Emmerton wins face-off versus Derick Brassard in neutral zone.
14:32 of 3rd period - Wrist shot by Chris Kreider.
14:32 of 3rd period - Shot Misses the Net.
14:34 of 3rd period - Wrist shot by Chris Kreider.
14:34 of 3rd period - Stopped by Cory Schneider without a rebound.
14:35 of 3rd period - Cody Hodgson wins face-off versus John Tavares in Stars zone.
14:36 of 3rd period - Snap shot by Seth Jones.
14:36 of 3rd period - Shot Blocked by John Tavares.
14:42 of 3rd period - Snap shot by Guillaume Latendresse.
14:42 of 3rd period - Shot Blocked by Nathan Horton.
14:44 of 3rd period - Snap shot by Guillaume Latendresse.
14:44 of 3rd period - Stopped by Jimmy Howard without a rebound.
14:45 of 3rd period - Cody Hodgson wins face-off versus John Tavares in Blackhawks zone.
14:45 of 3rd period - Cody Hodgson is hit by John Tavares.
14:51 of 3rd period - Slapshot by Seth Jones.
14:51 of 3rd period - Stopped by Cory Schneider with a rebound.
15:42 of 3rd period - Wrist shot by John Tavares.
15:42 of 3rd period - Shot Misses the Net.
15:44 of 3rd period - Snap shot by John Tavares.
15:44 of 3rd period - Stopped by Jimmy Howard with a rebound.
15:46 of 3rd period - Backhand shot by Brian Lee.
15:46 of 3rd period - Shot Misses the Net.
15:59 of 3rd period - Snap shot by Michael Grabner.
15:59 of 3rd period - Deflect By John Tavares.
15:59 of 3rd period - Shot Misses the Net.
15:59 of 3rd period - Puck is out of play.
16:00 of 3rd period - Erik Christensen wins face-off versus Evgeny Grachev in Blackhawks zone.
16:07 of 3rd period - Johnny Oduya is hit by Brandon Yip and loses puck.
16:16 of 3rd period - Slapshot by Boris Valabik.
16:16 of 3rd period - Stopped by Jimmy Howard with a rebound.
16:26 of 3rd period - Boris Valabik is hit by Antoine Roussel and loses puck.
16:33 of 3rd period - Snap shot by Rick Nash.
16:33 of 3rd period - Shot Misses the Net.
17:09 of 3rd period - Wrist shot by Justin Falk.
17:09 of 3rd period - Stopped by Cory Schneider with a rebound.
17:23 of 3rd period - Mike Green is hit by Alex Chiasson and loses puck.
18:22 of 3rd period - Icing by Gabriel Bourque.
18:23 of 3rd period - Scott Gomez wins face-off versus Dana Tyrell in Blackhawks zone.
18:36 of 3rd period - Wrist shot by Scott Gomez.
18:36 of 3rd period - Stopped by Cory Schneider without a rebound.
18:37 of 3rd period - Erik Christensen wins face-off versus Evgeny Grachev in Stars zone.
19:02 of 3rd period - Brian Lee is hit by Derick Brassard and loses puck.
19:13 of 3rd period - Snap shot by Derick Brassard.
19:13 of 3rd period - Stopped by Cory Schneider with a rebound.
19:15 of 3rd period - Wrist shot by Antoine Roussel.
19:15 of 3rd period - Deflect By Derick Brassard.
19:15 of 3rd period - Goal by Derick Brassard - Stars : 3 - Blackhawks : 4.
19:16 of 3rd period - Derick Brassard wins face-off versus John Tavares in neutral zone.
19:30 of 3rd period - Snap shot by Antoine Roussel.
19:30 of 3rd period - Shot Misses the Net.
19:32 of 3rd period - Snap shot by Antoine Roussel.
19:32 of 3rd period - Shot Misses the Net.
19:34 of 3rd period - Snap shot by Antoine Roussel.
19:34 of 3rd period - Shot Misses the Net.
19:36 of 3rd period - Snap shot by Derick Brassard.
19:36 of 3rd period - Shot Blocked by Ian White.
19:38 of 3rd period - Wrist shot by John Carlson.
19:38 of 3rd period - Shot Misses the Net.
19:40 of 3rd period - Snap shot by Antoine Roussel.
19:40 of 3rd period - Stopped by Cory Schneider without a rebound.
19:41 of 3rd period - Barry Trotz call a timeout for Stars.
19:41 of 3rd period - Derick Brassard wins face-off versus John Tavares in Stars zone.
19:42 of 3rd period - Slapshot by Antoine Roussel.
19:42 of 3rd period - Deflect By Rick Nash.
19:42 of 3rd period - Stopped by Cory Schneider without a rebound.
19:43 of 3rd period - Derick Brassard wins face-off versus Guillaume Latendresse in Stars zone.
Goals for this period are 1 for Stars vs 2 for Blackhawks.
Shots for this period are 12 for Stars vs 15 for Blackhawks.
Back to the Top